 Dungeon Crawl Stone Soup version 0.17-a0-1625-g47e540b (webtiles) character file.

136 matakusis the Ducker (level 4, -1/34 HPs)
             Began as a Demonspawn Gladiator on Aug 2, 2015.
             Slain by an adder (5 damage)
             ... on level 3 of the Dungeon.
             The game lasted 00:08:42 (2380 turns).

matakusis the Ducker (Demonspawn Gladiator)         Turns: 2380, Time: 00:08:42

Health: -1/34      AC:  3    Str: 16    XL:     4   Next: 98%
Magic:  4/4        EV: 13    Int:  9    God:
Gold:   90         SH:  0    Dex: 14    Spells: 0 memorised, 3 levels left

rFire  + . .     SeeInvis .     a - +0 war axe
rCold  . . .     Clarity  .     b - +0 leather armour
rNeg   . . .     SustAt   .     (no shield)
rPois  .         Gourm    .     c - +1 helmet
rElec  .         Spirit   .     (no cloak)
rCorr  .         Warding  .     (no gloves)
rMut   .         Stasis   .     (no boots)
MR     .....                    r - amulet of regeneration
Stlth  +.........               (no ring)
                                (no ring)

@: lethally poisoned (-1 -> -1), flying, not resistant to hostile enchantments,
very unstealthy
A: hooves 1, deformed body, fire resistance 1, no device heal 1, flame cloud
immunity
a: no special abilities


You were on level 3 of the Dungeon.
You were not hungry.

You visited 1 branch of the dungeon, and saw 3 of its levels.

You collected 90 gold pieces.

Inventory:

Hand weapons
 a - a +0 war axe (weapon)
Missiles
 d - 3 throwing nets (quivered)
Armour
 b - a +0 leather armour (worn)
 c - a +1 helmet (worn)
Jewellery
 m - an uncursed amulet of warding
 r - an amulet of regeneration (around neck)
Magical devices
 n - a wand of magic darts (30)
Scrolls
 g - 2 scrolls of enchant armour
Potions
 j - a potion of might
 o - a potion of curing {unknown}
 q - a potion of brilliance {unknown}
Comestibles
 e - 2 bread rations
 f - 3 chunks of flesh
 p - 4 fruits


   Skills:
 + Level 2.8 Fighting
 + Level 3.5 Axes
 - Level 1.7 Throwing
 + Level 1.6 Armour
 + Level 3.7 Dodging


You had 3 spell levels left.
You didn't know any spells.

Dungeon Overview and Level Annotations

Branches:
Dungeon (3/15)

Altars:
Vehumet


Innate Abilities, Weirdness & Mutations

Your flesh is heat resistant.
You are immune to clouds of flame.
You have large cloven feet.
Armour fits poorly on your strangely shaped body.
Potions and wands are less effective at restoring your health.


Message History

The adder is lightly wounded.
You feel sick. The adder bites you.
* * * LOW HITPOINT WARNING * * *
The adder bites you.
* * * LOW HITPOINT WARNING * * *
You feel sick.
You feel sick.
You feel sick.
You feel sick. The adder closely misses you.
You feel sick.
You feel sick. The adder barely misses you.
Drink which item? (? for menu, Esc to quit)
It was a potion of flight.
You feel very buoyant.
You fly up into the air.
You feel sick. The adder closely misses you.
You barely miss the adder. Your kick misses the adder.
The adder is lightly wounded.
You feel sick. The adder bites you.
You die...

###### ###..#.#
#....#.#####
#.#....#...#
#.####.#.#.#
####........#.#
#....@......#.#
#.###S....#<..#
#.###.###.#.##########
#...........#.........
#####.#######....(....
#.........†.....(...
#.#.#>..............
#.#.....###......... #
##....# #.........


You could see an adder.

Vanquished Creatures
  Natasha (D:2)
  6 adders
  An ooze (D:2)
  2 worms (D:2)
  A ball python (D:1)
  7 goblins
  6 hobgoblins
  3 jackals (D:1)
  7 bats
  3 giant cockroaches (D:1)
  5 giant newts
  3 kobolds
  3 rats (D:1)
48 creatures vanquished.

Notes
Turn   | Place    | Note
--------------------------------------------------------------
     0 | D:1      | matakusis the Demonspawn Gladiator began the quest for the Orb.
     0 | D:1      | Reached XP level 1. HP: 16/16 MP: 1/1
   182 | D:1      | Reached skill level 3 in Dodging
   182 | D:1      | Gained mutation: Your flesh is heat resistant. [demonic ancestry]
   182 | D:1      | Reached XP level 2. HP: 19/22 MP: 2/2
   790 | D:2      | Reached XP level 3. HP: 24/27 MP: 3/3
  1019 | D:2      | Reached skill level 1 in Armour
  1358 | D:2      | Found a radiant altar of Vehumet.
  1490 | D:2      | Gained mutation: You are immune to clouds of flame. [demonic ancestry]
  1490 | D:2      | Reached XP level 4. HP: 30/34 MP: 4/4
  1719 | D:2      | Noticed Natasha
  1739 | D:2      | HP: 1/34 [Natasha (8)]
  1741 | D:2      | Killed Natasha
  2288 | D:2      | Gained mutation: Armour fits poorly on your strangely shaped body. [potion of mutation]
  2288 | D:2      | Gained mutation: Potions and wands are less effective at restoring your health. [potion of mutation]
  2288 | D:2      | Gained mutation: You have large cloven feet. [potion of mutation]
  2380 | D:3      | Slain by an adder

Vault maps used:
D:1:      minmay_arrival_three_doors
D:2:      lemuel_doored_altar, uniq_natasha
D:3:      kennysheep_cluttered_room

Action                   |  1- 3 |  4- 6 || total
-------------------------+-------+-------++-------
Melee: War axe           |    86 |    69 ||   155
  Use: Scroll            |       |     4 ||     4
       Potion            |       |     3 ||     3
 Stab: Sleeping          |       |     1 ||     1
  Eat: Chunk             |     2 |     3 ||     5
